 Dungeon Crawl Stone Soup version 0.30-a0-390-g80c34de65d (webtiles) character file.

Game seed: 17652606288856548990

1022 SmokeWeed the Cleaver (level 8, 0/70 HPs)
             Began as a Hill Orc Berserker on Dec 4, 2022.
             Was an Initiate of Beogh.
             Slain by a black bear (3 damage)
             ... created by the rage of Trog
             ... on level 5 of the Dungeon.
             The game lasted 00:16:59 (3774 turns).

SmokeWeed the Cleaver (Hill Orc Berserker)          Turns: 3774, Time: 00:17:00

Health: 0/70       AC: 16    Str: 18 (22) XL:     8   Next: 22%
Magic:  8/8        EV:  6    Int:  7      God:    Beogh [......]
Gold:   209        SH:  0    Dex: 16      Spells: 7/7 levels left

rFire   . . .      SeeInvis .    o - +2 halberd (flame)
rCold   . . .      Faith    .    (shield currently unavailable)
rNeg    + . .      Spirit   .    h - +0 plate armour
rPois   .          Reflect  .    k - +1 helmet
rElec   .          Harm     .    (no cloak)
rCorr   .          Rampage  .    D - +0 pair of gloves
Will    .....                    (no boots)
Stlth   ..........               (no amulet)
HPRegen 0.31/turn                f - ring of positive energy
MPRegen 0.11/turn                u - +6 ring of dexterity

@: attractive, flying, hasted, very quick
A: no striking features
a: Renounce Religion


You were on level 5 of the Dungeon.
You worshipped Beogh.
Beogh was noncommittal.
You visited 1 branch of the dungeon, and saw 5 of its levels.

You collected 209 gold pieces.

Inventory:

Hand Weapons
 a - a +0 hand axe
 l - the +0 short sword of War {flame, *Rage rElec rC+++ Int+4}
   (You found it on level 3 of the Dungeon)

   It burns those it strikes, dealing additional fire damage.
   Int:       It affects your intelligence (+4).
   rC:        It renders you almost immune to cold.
   rElec:     It insulates you from electricity.
   *Rage:     It berserks you when you make melee attacks (+20% chance).
 o - a +2 halberd of flaming (weapon)
 y - a +1 whip of flaming
Missiles
 e - 58 stones (quivered)
 i - 8 boomerangs
 j - 3 silver javelins
 r - 3 curare-tipped darts
 v - 6 javelins
Armour
 b - a +0 animal skin
 d - a +0 chain mail
 h - a +0 plate armour (worn)
 k - a +1 helmet (worn)
 D - a +0 pair of gloves (worn)
 F - a +1 helmet
Jewellery
 f - a ring of positive energy (left hand)
 p - a ring of ice
 t - a ring of willpower
 u - a +6 ring of dexterity (right hand)
Wands
 x - a wand of mindburst (9)
 C - a wand of digging (6)
Scrolls
 g - 4 scrolls of identify
 q - a scroll of torment {unknown}
 w - 2 scrolls of noise {unknown}
Potions
 n - 2 potions of heal wounds {unknown}
 s - 3 potions of flight
 z - a potion of attraction
 A - a potion of brilliance {unknown}
 B - 2 potions of curing {unknown}
 E - a potion of cancellation {unknown}


   Skills:
 * Level 6.0 Fighting
 - Level 1.5 Short Blades
 + Level 8.9 Axes
 * Level 6.0 Armour
 + Level 2.0 Dodging


You had 7 spell levels left.
You didn't know any spells.
Your spell library was empty.

Dungeon Overview and Level Annotations

Branches:
Dungeon (5/15)
 Temple: D:4-7

Altars:
Gozag

Shops:
D:3 :

Annotations:
D:5 Charmandara's ghost, amateur VSFi


Message History

The polar bear claws you.
* * * LOW HITPOINT WARNING * * *
The black bear rages.
The polar bear bites you!
* * * LOW HITPOINT WARNING * * *
The polar bear claws you but does no damage.
The polar bear claws you.
* * * LOW HITPOINT WARNING * * *
Unknown command.
Blink to where?
Press: ? - help, Dir - move target
As you read the scroll of blinking, it crumbles to dust.
You hear an angry growl.
The polar bear is attracted toward you. The polar bear is attracted toward you.
You hear an angry growl.
The polar bear is attracted toward you.
You slash the polar bear! You burn the polar bear.
The polar bear is severely wounded.
The polar bear bites you but does no damage.
The polar bear barely misses you.
The polar bear claws you but does no damage.
You puncture the polar bear! You burn the polar bear.
The polar bear is almost dead.
You hear an angry growl.
The polar bear bites you but does no damage.
The polar bear claws you but does no damage.
The polar bear claws you.
* * * LOW HITPOINT WARNING * * *
The black bear is attracted toward you.
You puncture the polar bear! You burn the polar bear.
You kill the polar bear!
That felt strangely unrewarding.
The black bear is attracted toward you. x2
The black bear is attracted toward you. x2
The black bear bites you.
* * * LOW HITPOINT WARNING * * *
The black bear claws you but does no damage. x2
The black bear attacks as you move away!
The black bear bites you.
You die...

##.......[.....###.##..#)..##....
#.............# #.##..).........
##.............# #.###).....####.
##.###########.# #.# #..).#.####.
#..# #.###.# #.#.).....#.
..#############....#####<.#.##.#.
.hh.§..§...§.§h.##.##.###.#.##...
.##############h##.##.###.#..#.#.
.# ........@.........#..#.#. h#
#######.#####.###.#..#.#.
.######. #.# #.# #........
........ #.# #.# ##...#.#.
.#.##..... ..# #.####.._###. .#.#
.... ..# #........###. ...##.....
...# ##).......... .#........ .##
####........ .......... ###..).#.


You could see 2 black bears.

Vanquished Creatures
  Pikel (D:4)
  A polar bear (D:5)
  4 black bears (D:4)
  An ogre (D:4)
  A scorpion (D:5)
  2 necrophages
  2 hounds
  An iguana (D:5)
  10 gnolls
  7 adders
  An ufetubus (D:5)
  2 worms (D:2)
  A dart slug (D:2)
  3 orcs (D:5)
  7 endoplasms
  3 giant cockroaches
  5 goblins
  9 hobgoblins
  2 quokkas (D:1)
  3 ball pythons
  8 bats
  8 frilled lizards
  3 kobolds
  3 rats
88 creatures vanquished.

Vanquished Creatures (others)
  An orc priest (D:5)
  An orc (D:5)
2 creatures vanquished.

Grand Total: 90 creatures vanquished

Notes
Turn   | Place    | Note
-------+----------+-------------------------------------------
     0 | D:1      | SmokeWeed the Hill Orc Berserker began the quest for the
                  | Orb.
     0 | D:1      | Reached XP level 1. HP: 19/19 MP: 1/1
   115 | D:1      | Reached XP level 2. HP: 22/27 MP: 2/2
   373 | D:1      | Reached ** piety under Trog
   443 | D:1      | Reached XP level 3. HP: 33/33 MP: 3/3
   688 | D:2      | Reached skill level 5 in Axes
   688 | D:2      | Reached XP level 4. HP: 41/41 MP: 4/4
  1029 | D:2      | Found a faded altar of an unknown god.
  1111 | D:2      | Reached XP level 5. HP: 42/47 MP: 5/5
  1407 | D:3      | Found Sastoex's Vocational Training.
  1535 | D:3      | Identified the +0 robe of Zyrphium {rElec MP+9}
  1577 | D:3      | Identified the +0 short sword of War {flame, *Rage rElec
                  | rC+++ Int+4}
  2066 | D:4      | Noticed an ogre
  2067 | D:4      | Noticed Pikel
  2067 | D:4      | Noticed a lemure
  2068 | D:4      | Noticed a lemure
  2068 | D:4      | Noticed a lemure
  2069 | D:4      | Noticed a lemure
  2079 | D:4      | Killed an ogre
  2080 | D:4      | Reached skill level 6 in Axes
  2080 | D:4      | Reached XP level 6. HP: 16/55 MP: 6/6
  2105 | D:4      | Killed Pikel
  2106 | D:4      | Reached skill level 5 in Fighting
  2106 | D:4      | Reached skill level 1 in Short Blades
  2106 | D:4      | Reached skill level 8 in Axes
  2106 | D:4      | Reached skill level 5 in Armour
  2106 | D:4      | Reached XP level 7. HP: 10/61 MP: 7/7
  2666 | D:5      | Entered Level 5 of the Dungeon
  2694 | D:5      | Found an opulent altar of Gozag.
  2699 | D:5      | Fell from the grace of Trog
  2699 | D:5      | Became a worshipper of Beogh the Brigand
  2969 | D:5      | Reached XP level 8. HP: 34/70 MP: 8/8
  3708 | D:5      | Noticed a hornet
  3709 | D:5      | Noticed Charmandara's ghost (amateur VSFi)
  3745 | D:5      | Noticed a polar bear
  3771 | D:5      | Killed a polar bear
  3773 | D:5      | HP: 3/70 [black bear[the rage of Trog] (5)]
  3774 | D:5      | Slain by a black bear

Illustrated notes

Levels and vault maps discovered:
D:1:      tarquinn_simple_flora_water_e, layout_basic,
          nicolae_concentric_dashed_squares_wild, minmay_pentomino_z2
D:2:      minmay_recursive_quarters, layout_rooms,
          hellmonk_ecumenical_altar_slurped_away
D:3:      layout_rooms, minmay_misc_feat_rugged, hangedman_decor_push,
          chequers_serial_rivers_micro_e, minmay_misc_feat_chi,
          nicolae_shop_vocational
D:4:      layout_basic, uniq_pikel
D:5:      layout_basic, overflow_temple_1_default, gammafunk_ghost_hive

Skill      XL: |  1  2  3  4  5  6  7  8 |
---------------+-------------------------+-----
Fighting       | 4 5 6 |  6.0
Axes           | 5 6 8 |  8.9
Armour         | 3 5 6 |  6.0
Dodging        | 2 |  2.0
Short Blades   | 1 |  1.5

Action                   |  1- 3 |  4- 6 |  7- 9 || total
-------------------------+-------+-------+-------++-------
Melee: Hand axe          |    72 |    69 |   116 ||   257
       Short sword       |       |    47 |    19 ||    66
       Punch             |       |       |     2 ||     2
       Halberd           |       |       |    20 ||    20
Throw: Stone             |       |     2 |       ||     2
Invok: Berserk           |     1 |     1 |       ||     2
       Trog's Hand       |       |     1 |       ||     1
       Convert to Beogh  |       |       |     1 ||     1
  Use: Scroll            |       |     7 |     3 ||    10
       Potion            |       |     1 |     3 ||     4
Armor: Chain mail        |    63 |    29 |       ||    92
       Plate armour      |       |    20 |   195 ||   215
Dodge: Dodged            |    32 |    31 |    92 ||   155

Table legend: (Time is in decaauts)
 A = Elapsed time spent in this place.
 B = Non-inter-level travel time spent in this place.
 C = Inter-level travel time spent in this place.
 D = Time resting spent in this place.
 E = Time spent auto-exploring this place.
 F = Levels seen in this place.
 G = Mean time per level.
                   A        B        C        D        E       F      G
               +--------+--------+--------+--------+--------+-----+--------+
         Total |   3807 |   3741 |     66 |    586 |   2272 |   5 |  761.4 |
       Dungeon |   3807 |   3741 |     66 |    586 |   2272 |   5 |  761.4 |
               +--------+--------+--------+--------+--------+-----+--------+

Top non-repeatable levels by time:
     D:4: 1179 daAuts
     D:2: 716 daAuts
     D:5: 685 daAuts
     D:1: 638 daAuts
     D:3: 587 daAuts
